 Dungeon Sprint DCSS version 0.28-a0-1510-gd0f6b136d3 (webtiles) character file.

Game seed: 9692102981252751801

18 mhtbhm the Shield-Bearer (level 2, 0/28 HPs)
             Began as a Minotaur Fighter on Jan 15, 2022.
             Was an Initiate of Gozag.
             Slain by a warg (4 damage)
             ... in the Dungeon (Sprint VII: "The Pits").
             The game lasted 00:00:35 (290 turns).

mhtbhm the Shield-Bearer (Minotaur Fighter)          Turns: 290, Time: 00:00:36

Health: 0/28       AC:  7    Str: 20    XL:     2   Next: 51%
Magic:  1/1        EV:  9    Int:  5    God:    Gozag
Gold:   378        SH:  4    Dex:  9    Spells: 1/1 levels left

rFire   . . .      SeeInvis .   a - +2 hand axe
rCold   . . .      Faith    .   c - +0 buckler
rNeg    . . .      Spirit   .   b - +0 scale mail
rPois   .          Reflect  .   (helmet restricted)
rElec   .          Harm     .   (no cloak)
rCorr   .          Rampage  .   (no gloves)
Will    .....      NoTele   +   (no boots)
Stlth   ..........              (no amulet)
HPRegen 0.09/turn               (no ring)
MPRegen 0.07/turn               (no ring)

@: no status effects
A: horns 2, retaliatory headbutt
a: Renounce Religion, Potion Petition, Call Merchant, Bribe Branch


You were in the Dungeon.
You worshipped Gozag.
Gozag was aware of your devotion.
You visited 1 branch You collected 378 gold pieces.

Inventory:

Hand Weapons
 a - a +2 hand axe (weapon)
Armour
 b - a +0 scale mail (worn)
 c - a +0 buckler (worn)
Scrolls
 j - a scroll of blinking
 l - 5 scrolls of amnesia
 m - a scroll of summoning
Potions
 d - a potion of might
 e - a potion of curing
 f - a potion of heal wounds
 g - a potion of haste
 h - 4 potions of magic
 i - 3 potions of berserk rage
 k - 2 potions of invisibility


   Skills:
 + Level 4.7 Fighting
 + Level 3.4 Axes
 + Level 4.9 Armour
 + Level 0.3 Dodging
 + Level 5.0 Shields


You had one spell level left.
You didn't know any spells.
Your spell library was empty.

Dungeon Overview and Level Annotations

Branches:
Dungeon (1/1)

Altars:
Ashenzari
Cheibriados
Dithmenos
Elyvilon
Fedhas
Gozag
Hepliaklqana
Kikubaaqudgha
Makhleb
Nemelex Xobeh
Okawaru
Qazlal
Ru
Sif Muna
Trog
Uskayaw
Vehumet
Wu Jian
Xom
Yredelemnul
Zin
The Shining One
Beogh
Jiyva
Lugonu


Innate Abilities, Weirdness & Mutations

You have a pair of horns on your head.
You reflexively headbutt those who attack you in melee.


Message History

A quokka comes into view.
You see here 72 gold pieces.
There is an open door here.
The quokka is distracted by your dazzling golden aura.
The quokka is no longer distracted by gold.
There is an open door here.
The quokka bites you.
You slash the quokka!
You kill the quokka!
Your Shields skill increases to level 5!
You now have 315 gold pieces (gained 108).
You start resting.
HP restored.
You now have 378 gold pieces (gained 63).
A warg comes into view.
There is an open door here.
The warg closely misses you. You furiously retaliate!
You headbutt the warg. You hit the warg.
The warg is moderately wounded.
The warg bites you. The warg bites you!
You are too injured to fight recklessly!
You are too injured to fight recklessly!
You are too injured to fight recklessly!
You are too injured to fight recklessly!
You are too injured to fight recklessly!
You are too injured to fight recklessly!
You are too injured to fight recklessly!
You are too injured to fight recklessly!
You are too injured to fight recklessly!
You are too injured to fight recklessly!
You are too injured to fight recklessly!
You barely miss the warg.
The warg is moderately wounded.
The warg bites you!
* * * LOW HITPOINT WARNING * * *
You slash the warg! You headbutt the warg!
The warg is almost dead.
You block the warg's attack. The warg bites you.
You die...
Your body crumbles into a pile of gold.

#..........)'...........
#+#####'#####......#..#.
#....)# #...........
#.....# ####'#####++
###'### #.......#
#.....# #.......#
#.....# #.......#
####'##+###...<...#
#....@h..##.......#
#........##.......#
###########.......#
#########


You could see a warg.

Vanquished Creatures
  2 ufetubi (D)
  A giant cockroach (D)
  A goblin (D)
  A hobgoblin (D)
  2 quokkas (D)
  A kobold (D)
8 creatures vanquished.

Notes
Turn   | Place    | Note
-------+----------+-------------------------------------------
     0 | D        | mhtbhm the Minotaur Fighter began the quest for the Orb.
     0 | D        | Reached XP level 1. HP: 19/19 MP: 0/0
    18 | D        | Found a bloodstained altar of Trog.
    18 | D        | Found a shimmering blue altar of Sif Muna.
    18 | D        | Found a viscous altar of Jiyva.
    18 | D        | Found a hazy altar of Hepliaklqana.
    18 | D        | Found an opulent altar of Gozag.
    19 | D        | Found a glowing golden altar of the Shining One.
    19 | D        | Found a glowing silver altar of Zin.
    19 | D        | Found a basalt altar of Yredelemnul.
    19 | D        | Found a shimmering altar of Xom.
    19 | D        | Found an ornate altar of the Wu Jian Council.
    19 | D        | Found a sacrificial altar of Ru.
    19 | D        | Found a stormy altar of Qazlal.
    19 | D        | Found an iron altar of Okawaru.
    19 | D        | Found a sparkling altar of Nemelex Xobeh.
    19 | D        | Found a burning altar of Makhleb.
    19 | D        | Found a blossoming altar of Fedhas.
    19 | D        | Found a white marble altar of Elyvilon.
    19 | D        | Found a shadowy altar of Dithmenos.
    19 | D        | Found a snail-covered altar of Cheibriados.
    21 | D        | Found a radiant altar of Vehumet.
    21 | D        | Found a corrupted altar of Lugonu.
    22 | D        | Found a hide-covered altar of Uskayaw.
    22 | D        | Found an ancient bone altar of Kikubaaqudgha.
    22 | D        | Found a broken altar of Ashenzari.
    26 | D        | Became a worshipper of Gozag Ym Sagoz the Greedy
    69 | D        | Reached skill level 4 in Shields
   104 | D        | Reached XP level 2. HP: 18/28 MP: 1/1
   117 | D        | Reached skill level 5 in Shields
   286 | D        | Noticed a warg
   290 | D        | Slain by a warg

Illustrated notes

Levels and vault maps discovered:
D:        pitsprint [storerooms_1, entrance_room_1, metal_vault_8, armoury_2,
          mini_pit_1, grid_room_1, main_hall_1, silver_pit, the_coven_1,
          the_vestibule_1, steel_vault_5, golden_pit, hallway_of_sentries,
          crystal_vault_1, iron_vault_1, final_vault]

Skill      XL: |  1  2 |
---------------+-------+-----
Fighting       | 4 |  4.7
Armour         | 4 |  4.9
Shields        | 4 5 |  5.0
Axes           | 3 |  3.4
Dodging        | |  0.3

Action                   || total
-------------------------++-------
Melee: Hand axe          ||    25
       Headbutt          ||     4
       War axe           ||     1
Armor: Scale mail        ||    19
Dodge: Dodged            ||    15
Block: Buckler           ||    17

Table legend: (Time is in decaauts)
 A = Elapsed time spent in this place.
 B = Non-inter-level travel time spent in this place.
 C = Inter-level travel time spent in this place.
 D = Time resting spent in this place.
 E = Time spent auto-exploring this place.
 F = Levels seen in this place.
 G = Mean time per level.
                   A        B        C        D        E       F      G
               +--------+--------+--------+--------+--------+-----+--------+
         Total |    295 |    295 |      0 |    165 |      0 |   1 |  295.0 |
       Dungeon |    295 |    295 |      0 |    165 |      0 |   1 |  295.0 |
               +--------+--------+--------+--------+--------+-----+--------+

Top non-repeatable levels by time:
       D: 295 daAuts
